 Dungeon Crawl Stone Soup version 0.29.1-12-g30fa7ad0bf (webtiles) character file.

Game seed: 2199806122132464417

60 MisterFreud the Twirler (level 4, -4/33 HPs)
             Began as a Formicid Gladiator on Dec 26, 2022.
             Slain by Edmund
             ... wielding a +4 vorpal dire flail
              (11 damage)
             ... on level 5 of the Dungeon.
             The game lasted 00:01:57 (1953 turns).

MisterFreud the Twirler (Formicid Gladiator)        Turns: 1953, Time: 00:01:58

Health: -4/33      AC:  5    Str: 21    XL:     4   Next: 24%
Magic:  4/4        EV: 12    Int:  7    God:
Gold:   188        SH:  0    Dex: 15    Spells: 3/3 levels left

rFire   . . .      SeeInvis +   a - +0 quarterstaff
rCold   . . .      Faith    .   (no shield)
rNeg    . . .      Spirit   .   b - +1 leather armour
rPois   .          Reflect  .   (helmet unavailable)
rElec   .          Harm     .   (no cloak)
rCorr   .          Rampage  .   i - +0 pair of gloves
Will    .....                   (no boots)
Stlth   +.........              (no amulet)
HPRegen 0.11/turn               (no ring)
MPRegen 0.09/turn               (no ring)

@: no status effects
A: permanent stasis, dig shafts and tunnels, antennae 3, four strong arms
a: Dig, Shaft Self


You were on level 5 of the Dungeon.
You visited 1 branch of the dungeon, and saw 4 of its levels.

You collected 188 gold pieces.

Inventory:

Hand Weapons
 a - a +0 quarterstaff (weapon)
Missiles
 c - 2 throwing nets (quivered)
 d - a javelin
 g - 5 boomerangs
Armour
 b - a +1 leather armour (worn)
 i - a +0 pair of gloves (worn)
Scrolls
 e - a scroll of identify
Potions
 j - a potion of flight
 k - a potion of curing


   Skills:
 - Level 2.1 Fighting
 + Level 4.8 Staves
 - Level 2.0 Throwing
 - Level 2.6 Dodging


You had 3 spell levels left.
You didn't know any spells.
Your spell library was empty.

Dungeon Overview and Level Annotations

Branches:
Dungeon (3/15)

Altars:

Annotations:
D:5 Edmund


Innate Abilities, Weirdness & Mutations

You cannot be hasted, slowed, berserked, paralysed or teleported.
You can dig through walls and to a lower floor.
You have a pair of large antennae on your head. (SInv)
Your four strong arms can wield two-handed weapons with a shield.


Message History

Unknown command.
You sock Edmund!
Edmund is moderately wounded.
Edmund struggles against the net.
Unknown command.
You hit Edmund.
Edmund is heavily wounded.
Edmund struggles against the net.
Unknown command.
You catch the helpless Edmund completely off-guard!
You hit Edmund but do no damage.
Edmund is heavily wounded.
Edmund struggles against the net.
The net rips apart, and Edmund comes free!
You thump Edmund!
Edmund is severely wounded.
Edmund barely misses you.
Unknown command.
You barely miss Edmund.
Edmund is severely wounded.
Edmund hits you with a +4 vorpal dire flail!
You barely miss Edmund.
Edmund is severely wounded.
Edmund hits you with a +4 vorpal dire flail.
Unknown command.
You barely miss Edmund.
Edmund is severely wounded.
Edmund barely misses you.
Unknown command.
You closely miss Edmund.
Edmund is severely wounded.
Edmund hits you with a +4 vorpal dire flail!
* * * LOW HITPOINT WARNING * * *
Edmund hits you with a +4 vorpal dire flail.
* * * LOW HITPOINT WARNING * * *
x2 Unknown command.
You hit Edmund but do no damage.
Edmund is severely wounded.
Edmund hits you with a +4 vorpal dire flail!
You die...

#......##.......##
#......'.........+
####...##.........##
...#+#.#...........#
.....#####.......#
...... #.#'#...#+#
......##...#####
......@......#
##@.....# #.......#
#.......+ #.......#
##......# +......#
##...### #.#+# ##


You could see Edmund.

Vanquished Creatures
  A gnoll (D:3)
  An adder (D:2)
  2 orcs (D:3)
  3 ball pythons (D:1)
  5 endoplasms
  5 hobgoblins
  4 jackals (D:1)
  2 quokkas
  A bat (D:1)
  3 frilled lizards
  4 kobolds
  7 rats
38 creatures vanquished.

Notes
Turn   | Place    | Note
-------+----------+-------------------------------------------
     0 | D:1      | MisterFreud the Formicid Gladiator began the quest for the
                  | Orb.
     0 | D:1      | Reached XP level 1. HP: 16/16 MP: 1/1
   266 | D:1      | Reached XP level 2. HP: 22/22 MP: 2/2
   678 | D:1      | Found a faded altar of an unknown god.
  1072 | D:1      | Reached skill level 4 in Staves
  1072 | D:1      | Reached XP level 3. HP: 27/27 MP: 3/3
  1696 | D:3      | Reached XP level 4. HP: 27/33 MP: 4/4
  1709 | D:3      | You fall into a shaft and drop 2 floors!
  1709 | D:5      | Entered Level 5 of the Dungeon
  1939 | D:5      | Noticed Edmund
  1953 | D:5      | Slain by Edmund

Illustrated notes

Levels and vault maps discovered:
D:1:      dpeg_arrival_rooms_a, layout_basic, serial_forest,
          infiniplex_forest_clump_small, infiniplex_forest_straight_5,
          infiniplex_forest_clump_small, infiniplex_forest_clump_large,
          infiniplex_forest_clump_small, infiniplex_forest_clump_double,
          infiniplex_forest_diagonal, shapermc_ecumenical_altar_totnotflames,
          minmay_misc_feat_plants
D:2:      layout_rooms, serial_bayou_pond_d
D:3:      layout_basic, minmay_increasing_density
D:5:      nicolae_cairo_tiling_very_big, layout_basic, temple_fountains,
          minmay_hollow_rounded_squares, uniq_edmund

Skill      XL: |  1  2 |
---------------+-------+-----
Staves         | 4 |  4.8
Fighting       | |  2.1
Throwing       | |  2.0
Dodging        | |  2.6

Action                   |  1- 3 |  4- 6 || total
-------------------------+-------+-------++-------
Melee: Quarterstaff      |    85 |    19 ||   104
Throw: Boomerang         |       |     3 ||     3
       Throwing net      |       |     1 ||     1
 Abil: Shaft Self        |       |     1 ||     1
  Use: Scroll            |    10 |       ||    10
 Stab: Sleeping          |     1 |       ||     1
       Held in net/web   |       |     1 ||     1
Armor: Leather armour    |    21 |       ||    21
Dodge: Dodged            |    73 |    15 ||    88
